 Dungeon Crawl Stone Soup version 0.23.2-1-ga50397a (webtiles) character file.

Game seed: 13055224675589160871

76 varam the Firebug (level 4, -1/27 HPs)
             Began as an Octopode Fire Elementalist on May 6, 2019.
             Killed by nerve-wracking pain
             ... invoked by Grinder
              (11 damage)
             ... on level 3 of the Dungeon on May 13, 2019.
             The game lasted 00:08:40 (2242 turns).

varam the Firebug (Octopode Fire Elementalist)      Turns: 2242, Time: 00:08:41

Health: -1/27      AC:  1    Str:  7    XL:     4   Next: 32%
Magic:  0/7        EV: 13    Int: 18    God:
Gold:   79         SH:  0    Dex: 12    Spells: 3/7 levels left

rFire    . . .     SeeInvis .   (no weapon)
rCold    . . .     Gourm    .   (no shield)
rNeg     . . .     Faith    .   (helmet restricted)
rPois    .         Spirit   .   (no amulet)
rElec    .         Reflect  .   (no ring)
rCorr    .         Harm     .   (no ring)
MR       .....                  (no ring)
Stlth    +++.......             (no ring)
HPRegen  0.09/turn              (no ring)
MPRegen  0.10/turn              (no ring)
                                (no ring)
                                (no ring)

@: no status effects
A: almost no armour, stealthy swim, amphibious, 8 rings, constrict 8, camouflage
1, gelatinous body 1
a: no special abilities


You were on level 3 of the Dungeon.
You were hungry.

You visited 1 branch of the dungeon, and saw 3 of its levels.

You collected 79 gold pieces.

Inventory:

Scrolls
 c - a scroll of identify {unknown}
 e - 2 scrolls of magic mapping {unknown}
 f - a scroll of fear {unknown}
 j - a scroll of teleportation {unknown}
 k - a scroll of immolation {unknown}
 l - a scroll of remove curse {unknown}
Potions
 a - a potion of curing {unknown}
 d - 3 potions of ambrosia {unknown}
 g - 3 potions of brilliance {unknown}
 h - a potion of haste {unknown}
 i - a potion of flight {unknown}
Comestibles
 b - 2 rations


   Skills:
 - Level 2.0 Dodging
 - Level 2.6 Stealth
 - Level 2.0 Spellcasting
 + Level 2.3 Conjurations
 * Level 4.4 Fire Magic


You had 3 spell levels left.
You knew the following spells:

 Your Spells              Type           Power        Failure   Level  Hunger
a - Flame Tongue          Conj/Fire      ##...        4%          1    #......
b - Conjure Flame         Conj/Fire      ##......     14%         3    ###....

Your spell library contained the following spells:

 Spells                   Type           Power        Failure   Level  Hunger
 Throw Flame              Conj/Fire      ##....       7%          2    ###....
 Inner Flame              Hex/Fire       #.......     22%         3    ###....
 Sticky Flame             Conj/Fire      ##......     41%         4    #####..
 Fireball                 Conj/Fire      ##........   77%         5    ######.


Dungeon Overview and Level Annotations

Branches:
Dungeon (3/15)

Altars:
Elyvilon
Fedhas
Hepliaklqana
Xom
The Shining One

Annotations:
D:3 Grinder


Innate Abilities, Weirdness & Mutations

You cannot wear most types of armour.
You are very stealthy in the water. (Stealth+)
You are amphibious.
You can wear up to eight rings at the same time.
You can use your tentacles to constrict eight enemies at once.
Your skin changes colour to match your surroundings (Stealth+).
Your rubbery body absorbs attacks. (AC +1, EV +1)


Message History

Grinder is engulfed in blazing flames.
Grinder gestures at you. Pain shoots through your body!
Casting: Flame Tongue (safe; 4% risk of failure)
Confirm with . or Enter, or press ? or * to list all spells.
Aiming: Flame Tongue (safe; 4% risk of failure)
Press: ? - help, Shift-Dir - straight line, f/p - Grinder
Aim: Grinder (heavily wounded)
Okay, then.
Casting: Flame Tongue (safe; 4% risk of failure)
Confirm with . or Enter, or press ? or * to list all spells.
Aiming: Conjure Flame (safe; 14% risk of failure)
Press: ? - help, Dir - move target cursor, p - Grinder The fire ignites!
You are feeling hungry.
Grinder gestures at you. Pain shoots through your body!
Grinder gestures at you. Pain shoots through your body!
You die...

.......# .......# ..
.......# ..
########### #######.#
..........###.....#.#
.....####.........#5#
.....# #.........#.#
.....## #.....#####5#
......#
#.....'.@.ยง.#
......###.....#######
#####.........# ###
#.........# ###
#....[.#### +_
...###### #+###.# #.#
#.# #.###.#


You could see Grinder.

Vanquished Creatures
  3 adders (D:2)
  2 dart slugs (D:1)
  5 leopard geckos
  2 giant cockroaches
  7 goblins
  5 hobgoblins
  7 kobolds
  5 bats
  A frilled lizard (D:1)
  A rat (D:2)
38 creatures vanquished.

Notes
Turn   | Place    | Note
-------+----------+-------------------------------------------
     0 | D:1      | varam the Octopode Fire Elementalist began the quest for
                  | the Orb.
     0 | D:1      | Reached XP level 1. HP: 11/11 MP: 3/3
   194 | D:1      | Reached XP level 2. HP: 12/17 MP: 3/5
   853 | D:1      | Reached XP level 3. HP: 21/21 MP: 4/6
   915 | D:2      | Found a white marble altar of Elyvilon.
   915 | D:2      | Found a glowing golden altar of the Shining One.
   915 | D:2      | Found a hazy altar of Hepliaklqana.
   915 | D:2      | Found a shimmering altar of Xom.
  1026 | D:2      | Learned a level 3 spell: Conjure Flame
  1056 | D:2      | Reached skill level 2 in Conjurations
  1056 | D:2      | Reached skill level 4 in Fire Magic
  1371 | D:2      | Reached XP level 4. HP: 14/27 MP: 5/7
  1572 | D:2      | HP: 2/27 [poisoned by an adder]
  2213 | D:3      | Found a blossoming altar of Fedhas.
  2237 | D:3      | Noticed Grinder
  2242 | D:3      | Killed from afar by Grinder

Skill      XL: |  1  2  3 |
---------------+----------+-----
Conjurations   | 2 |  2.3
Fire Magic     | 4 |  4.4
Dodging        | |  2.0
Stealth        | |  2.6
Spellcasting   | |  2.0

Action                   |  1- 3 |  4- 6 || total
-------------------------+-------+-------++-------
Melee: Unarmed           |    24 |     1 ||    25
       Constrict         |     7 |       ||     7
       Tentacles         |     4 |       ||     4
 Cast: Flame Tongue      |    48 |    14 ||    62
       Conjure Flame     |     3 |     2 ||     5
 Stab: Sleeping          |     1 |       ||     1
  Eat: Chunk             |     2 |     3 ||     5
Armor: Skin              |     3 |       ||     3
Dodge: Dodged            |    33 |     2 ||    35
